 Dungeon Sprint DCSS version 0.21-a0-401-g0b6bec4 (webtiles) character file.

9600000 theanonym the Axe Maniac (level 27, -3/249 HPs)
             Began as a Formicid Fighter on Oct 21, 2017.
             Was the Champion of Makhleb.
             Killed by divine providence
             ... invoked by an observer
              (13 damage)
             ... in the Dungeon (Sprint VIII: "Arena of Blood").
             The game lasted 00:05:51 (96 turns).

theanonym the Axe Maniac (Formicid Fighter)           Turns: 96, Time: 00:05:52

Health: -3/249     AC: 13    Str: 32    XL:     27
Magic:  35/54      EV: 24    Int: 10    God:    Makhleb [******]
Gold:   0          SH: 19    Dex: 10    Spells: 80/80 levels left

rFire    . . .     SeeInvis +   l - +∞ Axe of Woe
rCold    . . .     Gourm    .   c - +0 shield
rNeg     . . .     Faith    .   b - +0 scale mail
rPois    .         Spirit   .   (helmet unavailable)
rElec    .         Reflect  .   (no cloak)
rCorr    .         Harm     .   (no gloves)
MR       ++...                  (no boots)
Stlth    ++++++++..             (no amulet)
HPRegen  0.51/turn              (no ring)
MPRegen  0.34/turn              (no ring)

@: no status effects
A: permanent stasis, dig shafts and tunnels, four strong arms, antennae 3
a: Dig, Minor Destruction, Lesser Servant of Makhleb, Major Destruction, Greater
Servant of Makhleb, Renounce Religion


You were in the Dungeon.
You worshipped Makhleb.
Makhleb was exalted by your worship.
You were not hungry.

You visited 1 branch

Inventory:

Hand Weapons
 a - a +0 war axe
 l - the +∞ Axe of Woe (weapon)
   (You found it in the Dungeon)
Armour
 b - a +0 scale mail (worn)
 c - a +0 shield (worn)
Scrolls
 k - a scroll of blinking
Potions
 d - a potion of might
 e - a potion of curing
 h - a potion of haste
 i - 2 potions of magic
 j - a potion of berserk rage
Comestibles
 f - a bread ration


   Skills:
 O Level 27 Fighting
 O Level 27 Axes
 O Level 27 Throwing
 O Level 27 Armour
 O Level 27 Dodging
 O Level 27 Stealth
 O Level 27 Shields
 O Level 27 Unarmed Combat
 O Level 27 Spellcasting
 O Level 27 Invocations


You had 80 spell levels left.
You didn't know any spells.

Dungeon Overview and Level Annotations

Branches:
Dungeon (1/1)

Altars:
Makhleb


Innate Abilities, Weirdness & Mutations

You cannot be hasted, slowed, berserked, paralysed or teleported.
You can dig through walls and to a lower floor.
Your four strong arms can wield two-handed weapons with a shield.
You have a pair of large antennae on your head. (SInv)


Message History

The bag of meat convulses! x3; The meat berserker convulses!
Your body is wracked with pain!
You hear a shout!
The wretched soul breathes negative energy at you.
The bolt of negative energy hits you!
You feel drained.
* * * LOW HITPOINT WARNING * * *
You hear a shout! x4
You take 221 damage, and have 28/249 hp.
MASSIVE DAMAGE!!
Unknown command.
Unknown command.
Unknown command.
You hear a shout! x2
The wretched soul hits you.
* * * LOW HITPOINT WARNING * * *
The bag of meat hits your blizzard demon with a +9 war axe!
You hear a shout!
The dread hits your blizzard demon!
The dread drains your blizzard demon's vigour!
Your blizzard demon seems to slow down.
You hear a shout!
The wretched soul hits your blizzard demon!
Your blizzard demon dies!
You hear a shout! x4
Items here: ))) === † You take 1 damage, and have 27/249 hp.
You slash the wretched soul! You chop the wretched soul into pieces.
You destroy the wretched soul!
Makhleb accepts your kill.
You feel better.
Your life force feels restored.
You hear a shout! x3
The dread throws damnation at you.
The sphere of damnation explodes!
The damnation engulfs you!
* * * LOW HITPOINT WARNING * * *
You hear a shout!
The wretched soul breathes negative energy at you.
The bolt of negative energy hits you!
You feel drained.
* * * LOW HITPOINT WARNING * * *
You hear a shout!
You regained 26 hp, and now have 53/249 hp.
Unknown command.
You feel much better.
You hear a shout! x8
You regained 28 hp, and now have 81/249 hp. 2 ogres come into view.
You hear a shout! x5
The meat berserker rages.
You hear a shout!
The meat berserker hits you with a +9 battleaxe!!!
* * * LOW HITPOINT WARNING * * *
You hear a shout!
The dread calls on the powers of darkness!
The meat berserker convulses!
Your body is wracked with pain!
* * * LOW HITPOINT WARNING * * *
The bag of meat convulses!
You hear a shout! x2
A meat berserker comes into view. It is wielding a +9 battleaxe.
You take 61 damage, and have 20/249 hp.
MASSIVE DAMAGE!!
You dice the meat berserker like an onion!!!
You fatally mangle the meat berserker.
You kill the meat berserker!
Makhleb accepts your kill.
You feel better.
Your life force feels restored.
The meat berserker rages.
You hear a shout!
The observer appears out of thin air!
An observer comes into view.
The meat berserker rages.
An observer comes into view.
You regained 89 hp, and now have 109/249 hp.
A demon appears!
The observer pulsates ominously.
You hear a shout! x5
The observer appears out of thin air!
An observer comes into view.
You hear a shout! x2
A hell beast and a greater mummy come into view.
You take 10 damage, and have 99/249 hp.
A demon appears!
You hear a shout! x3
The meat berserker hits your cacodemon with a +9 battleaxe!!!
You hear a shout! x3
The observer gazes at you.
The fireball explodes!
The fireball engulfs you!
* * * LOW HITPOINT WARNING * * *
The observer gazes at you. Something smites you!
* * * LOW HITPOINT WARNING * * *
You hear a shout!
The dread throws damnation at you.
The sphere of damnation explodes!
The damnation engulfs you!
* * * LOW HITPOINT WARNING * * *
You hear a shout! x7
The observer gazes at you. Something smites you!
You die...

............
...G.......
........G.O{
..........
#.......# ..z
#..2o..%#
...###..)W...###.
M....O.@###..%...
#..2.%))oWo%...%.
.....2#))O).#....
.....O#_)<)_# .
..... #))...#
#......G._...%..
........###...%..
O..###... ..###.
. #... %.#


You could see an accursed (wandering), a meat beast, 3 observers, a large bag of
meat (inner flame), a wretched soul (invisible), a dread, 4 meat berserkers, 3
bags of meat, a friendly cacodemon and a friendly balrug.

Vanquished Creatures
  4 hell beasts (D)
  A wraith (D)
  12 vampire knights (D)
  18 ogres (D)
  4 two-headed ogres (D)
  A lich (D)
  35 orcs (D)
  A phantom (D)
  2 skeletal warriors (D)
  4 large abominations (D)
  4 small abominations (D)
  3 crawling corpses (D)
89 creatures vanquished.

Vanquished Creatures (others)
  2 crawling corpses (D)
2 creatures vanquished.

Grand Total: 91 creatures vanquished

Notes
Turn   | Place    | Note
-------+----------+-------------------------------------------
     0 | D        | Found the +∞ Axe of Woe
     0 | D        | theanonym the Formicid Fighter began the quest for the Orb.
     0 | D        | Reached XP level 1. HP: 18/18 MP: 1/1
     3 | D        | Noticed a bag of meat
     3 | D        | Noticed a bag of meat
     4 | D        | Became a worshipper of Makhleb the Destroyer
     5 | D        | Noticed a bag of meat
     6 | D        | Killed a bag of meat
     6 | D        | Reached skill level 14 in Fighting
     6 | D        | Reached skill level 17 in Axes
     6 | D        | Reached skill level 14 in Armour
     6 | D        | Reached skill level 15 in Shields
     6 | D        | Reached XP level 2. HP: 43/43 MP: 2/2
     6 | D        | Reached XP level 3. HP: 49/49 MP: 3/3
     6 | D        | Reached XP level 4. HP: 56/56 MP: 4/4
     6 | D        | Reached XP level 5. HP: 62/62 MP: 5/5
     6 | D        | Reached XP level 6. HP: 69/69 MP: 6/6
     6 | D        | Reached XP level 7. HP: 75/75 MP: 7/7
     6 | D        | Reached XP level 8. HP: 82/82 MP: 8/8
     6 | D        | Reached XP level 9. HP: 88/88 MP: 9/9
     6 | D        | Reached XP level 10. HP: 95/95 MP: 10/10
     6 | D        | Reached XP level 11. HP: 101/101 MP: 11/11
     6 | D        | Reached XP level 12. HP: 108/108 MP: 12/12
     8 | D        | Noticed a bag of meat
     8 | D        | Killed a bag of meat
     8 | D        | Reached * piety under Makhleb
     8 | D        | Reached skill level 16 in Fighting
     8 | D        | Reached skill level 20 in Axes
     8 | D        | Reached skill level 16 in Armour
     8 | D        | Reached skill level 7 in Dodging
     8 | D        | Reached XP level 13. HP: 119/119 MP: 13/13
    10 | D        | Noticed a meat berserker
    10 | D        | Noticed a meat berserker
    10 | D        | Killed a bag of meat
    10 | D        | Reached skill level 17 in Fighting
    10 | D        | Reached skill level 21 in Axes
    10 | D        | Reached skill level 17 in Armour
    10 | D        | Reached skill level 10 in Dodging
    10 | D        | Reached XP level 14. HP: 129/129 MP: 14/14
    11 | D        | Noticed a bag of meat
    11 | D        | Killed a bag of meat
    11 | D        | Reached skill level 19 in Fighting
    11 | D        | Reached skill level 23 in Axes
    11 | D        | Reached skill level 19 in Armour
    11 | D        | Reached skill level 11 in Dodging
    11 | D        | Reached XP level 15. HP: 139/139 MP: 15/15
    12 | D        | Killed a meat berserker
    12 | D        | Reached ** piety under Makhleb
    12 | D        | Reached skill level 20 in Fighting
    12 | D        | Reached skill level 25 in Axes
    12 | D        | Reached skill level 20 in Armour
    12 | D        | Reached skill level 14 in Dodging
    12 | D        | Reached XP level 16. HP: 150/150 MP: 16/16
    13 | D        | Reached skill level 21 in Fighting
    13 | D        | Reached skill level 26 in Axes
    13 | D        | Reached skill level 21 in Armour
    13 | D        | Reached skill level 15 in Dodging
    14 | D        | Reached skill level 22 in Fighting
    14 | D        | Reached skill level 22 in Armour
    14 | D        | Reached skill level 16 in Dodging
    15 | D        | Killed a meat berserker
    15 | D        | Reached *** piety under Makhleb
    15 | D        | Reached skill level 25 in Fighting
    15 | D        | Reached skill level 25 in Armour
    15 | D        | Reached skill level 19 in Dodging
    15 | D        | Reached XP level 17. HP: 169/169 MP: 17/17
    18 | D        | Noticed a meat berserker
    20 | D        | Noticed a destroyer
    22 | D        | Reached skill level 17 in Shields
    22 | D        | Reached XP level 18. HP: 178/178 MP: 18/18
    23 | D        | Killed a meat berserker
    23 | D        | Reached skill level 27 in Fighting
    23 | D        | Reached skill level 27 in Axes
    23 | D        | Reached skill level 27 in Armour
    23 | D        | Reached skill level 21 in Dodging
    23 | D        | Reached skill level 20 in Shields
    26 | D        | Killed a destroyer
    26 | D        | Reached **** piety under Makhleb
    26 | D        | Reached skill level 23 in Dodging
    26 | D        | Reached skill level 12 in Stealth
    26 | D        | Reached skill level 24 in Shields
    26 | D        | Reached skill level 11 in Invocations
    26 | D        | Reached XP level 19. HP: 189/189 MP: 18/27
    26 | D        | Reached skill level 24 in Dodging
    26 | D        | Reached skill level 14 in Stealth
    26 | D        | Reached skill level 25 in Shields
    28 | D        | Noticed a destroyer
    30 | D        | Reached skill level 25 in Dodging
    30 | D        | Reached skill level 16 in Stealth
    30 | D        | Reached skill level 27 in Shields
    31 | D        | Reached skill level 27 in Dodging
    31 | D        | Reached skill level 19 in Stealth
    31 | D        | Reached XP level 20. HP: 197/197 MP: 18/28
    33 | D        | Noticed a meat berserker
    34 | D        | Noticed a meat berserker
    35 | D        | Noticed a large bag of meat
    36 | D        | Noticed a large bag of meat
    38 | D        | Killed a meat berserker
    38 | D        | Reached ***** piety under Makhleb
    38 | D        | Reached skill level 24 in Stealth
    38 | D        | Reached skill level 19 in Invocations
    38 | D        | Killed a destroyer
    38 | D        | Reached skill level 27 in Stealth
    38 | D        | Reached skill level 27 in Invocations
    38 | D        | Reached skill level 6 in Throwing
    38 | D        | Reached skill level 6 in Spellcasting
    38 | D        | Reached XP level 21. HP: 204/204 MP: 20/38
    39 | D        | Reached skill level 12 in Throwing
    39 | D        | Reached skill level 12 in Spellcasting
    40 | D        | Killed a meat berserker
    40 | D        | Reached skill level 17 in Throwing
    40 | D        | Reached skill level 17 in Spellcasting
    41 | D        | Noticed a destroyer
    41 | D        | Reached skill level 19 in Throwing
    41 | D        | Reached skill level 19 in Spellcasting
    41 | D        | Reached XP level 22. HP: 212/212 MP: 20/45
    42 | D        | Killed a large bag of meat
    42 | D        | Reached skill level 23 in Throwing
    42 | D        | Reached skill level 23 in Spellcasting
    44 | D        | Reached ****** piety under Makhleb
    44 | D        | Reached skill level 24 in Throwing
    44 | D        | Reached skill level 24 in Spellcasting
    45 | D        | Killed a destroyer
    45 | D        | Reached skill level 27 in Throwing
    45 | D        | Reached skill level 27 in Spellcasting
    45 | D        | Reached skill level 14 in Unarmed Combat
    45 | D        | Reached XP level 23. HP: 219/219 MP: 21/54
    45 | D        | Reached skill level 18 in Unarmed Combat
    46 | D        | Noticed a destroyer
    46 | D        | Killed a large bag of meat
    46 | D        | Reached skill level 25 in Unarmed Combat
    47 | D        | Noticed a destroyer
    47 | D        | Noticed a large bag of meat
    49 | D        | Reached skill level 27 in Unarmed Combat
    49 | D        | Reached XP level 24. HP: 215/227 MP: 22/54
    49 | D        | Killed a destroyer
    50 | D        | Reached XP level 25. HP: 234/234 MP: 23/54
    51 | D        | Noticed a tyrant
    53 | D        | Noticed a destroyer
    53 | D        | Killed a destroyer
    53 | D        | Reached XP level 26. HP: 242/242 MP: 23/54
    54 | D        | Noticed a large bag of meat
    54 | D        | Killed a large bag of meat
    57 | D        | Reached XP level 27. HP: 249/249 MP: 25/54
    58 | D        | Killed a destroyer
    59 | D        | Noticed a destroyer
    64 | D        | Killed a tyrant
    64 | D        | Killed a destroyer
    65 | D        | Noticed a destroyer
    66 | D        | Noticed a destroyer
    66 | D        | Killed a large bag of meat
    68 | D        | Noticed a destroyer
    69 | D        | Noticed a dread
    69 | D        | Noticed a tyrant
    69 | D        | Killed a destroyer
    69 | D        | Killed a dread
    72 | D        | Killed a destroyer
    73 | D        | Noticed a meat beast
    74 | D        | Noticed a dread
    75 | D        | Noticed a meat beast
    78 | D        | Noticed a destroyer
    78 | D        | Noticed a meat beast
    80 | D        | Noticed a destroyer
    80 | D        | Killed a meat beast
    81 | D        | Killed a meat beast
    81 | D        | Killed a destroyer
    82 | D        | Killed a destroyer
    83 | D        | Noticed a meat beast
    86 | D        | Killed a destroyer
    87 | D        | Killed a meat beast
    89 | D        | Killed a meat beast
    93 | D        | HP: 20/249 [??? (17)]
    96 | D        | Noticed a meat beast
    96 | D        | Noticed an accursed
    96 | D        | Killed from afar by an observer

Vault maps used:
D:        meatsprint

Skill      XL: |  1  2  3  4  5  6  7  8  9 10 11 12 13 14 15 16 17 18 19 20 21 22 23 |
---------------+----------------------------------------------------------------------+-----
Fighting       | 14 16 17 19 20 25 27 | 27.0
Axes           | 17 20 21 23 25 26 27 | 27.0
Armour         | 14 16 17 19 20 25 27 | 27.0
Shields        | 15 17 24 27 | 27.0
Dodging        | 7 10 11 14 19 23 27 | 27.0
Stealth        | 12 19 27 | 27.0
Invocations    | 11 27 | 27.0
Throwing       | 6 19 27 | 27.0
Spellcasting   | 6 19 27 | 27.0
Unarmed Combat | 14 27 | 27.0

Action                   |  1- 3 |  4- 6 |  7- 9 | 10-12 | 13-15 | 16-18 | 19-21 | 22-24 | 25-27 || total
-------------------------+-------+-------+-------+-------+-------+-------+-------+-------+-------++-------
Melee: Executioner's axe |     1 |       |       |     1 |     3 |     6 |     6 |     7 |    32 ||    56
Invok: Lesser Servant of |       |       |       |       |       |       |     2 |       |       ||     2
       Greater Servant o |       |       |       |       |       |       |       |     1 |     8 ||     9
  Use: Potion            |       |       |       |       |       |       |       |       |     1 ||     1
 Stab: Distracted        |       |       |       |       |       |       |       |       |     1 ||     1
Armor: Scale mail        |       |       |       |       |       |       |       |     1 |       ||     1
Dodge: Dodged            |       |       |       |       |       |       |       |       |     3 ||     3
Block: Shield            |       |       |       |       |       |       |       |     1 |     1 ||     2

Table legend:
 A = Spawn XP
 B = Non-spawn XP
 C = Spawn XP percentage of total XP
 D = Spawn monster count
 E = Non-spawn monster count
 F = Spawn count percentage of total count
 G = Total turns spent on level
                    A         B        C        D         E        F      G
               +---------+---------+-------+---------+---------+-------+---------
         Total |       0 | 2758831 |   0.0 |       0 |      86 |   0.0 |    96
               +---------+---------+-------+---------+---------+-------+---------
             D |       0 | 2758831 |   0.0 |       0 |      86 |   0.0 |    96
               +---------+---------+-------+---------+---------+-------+---------
